 Dungeon Crawl Stone Soup version 0.27.1-33-g824d729ab1 (webtiles) character file.

Game seed: 297851541503464847

81 Atelerd the Digger (level 4, -2/27 HPs)
             Began as an Octopode Earth Elementalist on Dec 16, 2021.
             Killed from afar by Sigmund (6 damage)
             ... with a puff of flame
             ... on level 3 of the Dungeon.
             The game lasted 00:04:47 (3869 turns).

Atelerd the Digger (Octopode Earth Elementalist)    Turns: 3869, Time: 00:04:48

Health: -2/27      AC:  1    Str:  7    XL:     4   Next: 42%
Magic:  0/8        EV: 13    Int: 18    God:
Gold:   97         SH:  0    Dex: 12    Spells: 3/8 levels left

rFire    . . .     SeeInvis .   d - +0 short sword
rCold    . . .     Faith    .   (no shield)
rNeg     . . .     Spirit   .   (helmet restricted)
rPois    .         Reflect  .   (no amulet)
rElec    .         Harm     .   j - +4 ring of slaying
rCorr    .         Rampage  .   (no ring)
Will     .....                  (no ring)
Stlth    ++........             (no ring)
HPRegen  0.09/turn              (no ring)
MPRegen  0.11/turn              (no ring)
                                (no ring)
                                (no ring)

@: confused
A: almost no armour, amphibious, 8 rings, camouflage 1, gelatinous body 1,
(nimble swimmer 1), tentacles
a: no special abilities


You were on level 3 of the Dungeon.
You visited 1 branch of the dungeon, and saw 3 of its levels.

You collected 97 gold pieces.

Inventory:

Hand Weapons
 d - a +0 short sword (weapon)
Missiles
 b - a stone
Jewellery
 j - a +4 ring of slaying (left tentacle)
Scrolls
 a - 2 scrolls of teleportation {unknown}
 e - a scroll of enchant weapon {unknown}
 f - a scroll of identify {unknown}
 g - a scroll of brand weapon {unknown}


   Skills:
 - Level 2.0 Dodging
 - Level 2.6 Stealth
 + Level 2.9 Spellcasting
 + Level 2.4 Transmutations
 + Level 3.7 Earth Magic


You had 3 spell levels left.
You knew the following spells:

 Your Spells              Type           Power      Damage    Failure   Level
a - Sandblast             Erth           32%        2d9       3%          1
b - Petrify               Tmut/Erth      13%        N/A       41%         4

Your spell library contained the following spells:

 Spells                   Type           Power      Damage    Failure   Level
 Passwall                 Tmut/Erth      10%        N/A       7%          2
 Summon Small Mammal      Summ           8%         N/A       17%         1
 Stone Arrow              Conj/Erth      18%        3d8       22%         3
 Call Canine Familiar     Summ           2%         N/A       45%         3
 Inner Flame              Hex/Fire       2%         N/A       45%         3
 Summon Guardian Golem    Hex/Summ       2%         N/A       45%         3
 Cause Fear               Hex            1%         N/A       86%         4
 Discord                  Hex            1%         N/A       100%        8


Dungeon Overview and Level Annotations

Branches:
Dungeon (3/15)

Altars:

Annotations:
D:1 exclusion: downstairs
D:2 Robin
D:3 Sigmund


Innate Abilities, Weirdness & Mutations

You cannot wear most types of armour.
You are amphibious.
You can wear up to eight rings at the same time.
Your skin changes colour to match your surroundings (Stealth+).
Your rubbery body absorbs attacks. (AC +1, EV +1)
((You are camouflaged near water. (Stealth+)))
You have tentacles for arms and can constrict up to eight enemies at once.


Message History

Confirm with . or Enter, or press ? or * to list all spells.
Aiming: Sandblast (safe; 3% risk of failure)
Press: ? - help, Shift-Dir - straight line, f/p - Sigmund
Aim: Sigmund, wielding a +2 scythe of protection and wearing a +0 robe (heavily wounded, constricted by you, 100% to hit)
The blast of sand hits Sigmund but does no damage.
Sigmund is heavily wounded.
You constrict Sigmund. Sigmund barely misses you.
Unknown command.
Casting: Sandblast (safe; 3% risk of failure)
Confirm with . or Enter, or press ? or * to list all spells.
Aiming: Sandblast (safe; 3% risk of failure)
Press: ? - help, Shift-Dir - straight line, f/p - Sigmund
Aim: Sigmund, wielding a +2 scythe of protection and wearing a +0 robe (heavily wounded, constricted by you, 100% to hit)
The blast of sand hits Sigmund but does no damage.
Sigmund is heavily wounded.
You constrict Sigmund, but do no damage.
Sigmund gestures at you while chanting. You resist with some effort.
Unknown command.
Casting: Sandblast (safe; 3% risk of failure)
Confirm with . or Enter, or press ? or * to list all spells.
Aiming: Sandblast (safe; 3% risk of failure)
Press: ? - help, Shift-Dir - straight line, f/p - Sigmund
Aim: Sigmund, wielding a +2 scythe of protection and wearing a +0 robe (heavily wounded, constricted by you, 100% to hit)
The blast of sand hits Sigmund but does no damage.
Sigmund is heavily wounded.
You constrict Sigmund.
Sigmund points at you and mumbles some strange words.
You are confused.
Unknown command.
You're too confused to cast spells.
Sorry, you're not good enough to have a special ability.
Unknown command.
Unknown command.
You hit Sigmund. You squeeze Sigmund!
Sigmund is almost dead.
You constrict Sigmund.
Sigmund points at you and mumbles some strange words.
The puff of flame hits you.
You die...

### ..# #######.#
.....l@># #######@#
#.......#
#######.#######
#.......# .
#.......#####
.###.....†.#<..######
...........###.#....#
...........# #.#.##.#
...........# #)#.##.#


You could see Sigmund and a frilled lizard.

Vanquished Creatures
  Jessica (D:2)
  2 worms
  4 ball pythons
  An endoplasm (D:3)
  2 giant cockroaches (D:1)
  8 goblins
  9 hobgoblins
  A quokka (D:2)
  2 bats
  5 frilled lizards
  5 kobolds
  A quokka skeleton (D:2)
  6 rats
47 creatures vanquished.

Notes
Turn   | Place    | Note
-------+----------+-------------------------------------------
     0 | D:1      | Atelerd the Octopode Earth Elementalist began the quest for
                  | the Orb.
     0 | D:1      | Reached XP level 1. HP: 11/11 MP: 3/3
   344 | D:1      | Reached XP level 2. HP: 17/17 MP: 5/5
  1383 | D:2      | Noticed Jessica
  1389 | D:2      | Killed Jessica
  1390 | D:2      | Reached XP level 3. HP: 12/21 MP: 6/6
  1568 | D:2      | Noticed Robin
  2215 | D:2      | Reached XP level 4. HP: 27/27 MP: 6/8
  3083 | D:1      | Learned a level 4 spell: Petrify
  3302 | D:3      | HP: 1/27 [poisoned by Robin]
  3854 | D:3      | Noticed Sigmund
  3869 | D:3      | Killed from afar by Sigmund

Illustrated notes

Levels and vault maps discovered:
D:1:      tarquinn_simple_flora_water_f, layout_basic,
          chequers_serial_rivers_small_3, minmay_misc_feat_roman
D:2:      layout_rooms, minmay_domino_2, uniq_robin, uniq_jessica
D:3:      layout_basic, ebering_ecumenical_altar_ruins, serial_shops, shop,
          st_stairs_2, uniq_sigmund

Skill      XL: |  1  2 |
---------------+-------+-----
Transmutations | 2 |  2.4
Dodging        | |  2.0
Stealth        | |  2.6
Spellcasting   | |  2.9
Earth Magic    | |  3.7

Action                   |  1- 3 |  4- 6 || total
-------------------------+-------+-------++-------
Melee: Unarmed           |    26 |       ||    26
       Constrict         |    16 |     5 ||    21
       Tentacles         |    10 |     3 ||    13
       Short sword       |    35 |    18 ||    53
 Cast: Sandblast         |    18 |    31 ||    49
  Use: Potion            |       |     3 ||     3
 Stab: Sleeping          |     6 |     2 ||     8
Armor: Skin              |     6 |     4 ||    10
Dodge: Dodged            |    50 |    30 ||    80
